 Dungeon Crawl Stone Soup version 0.25.1-2-g60ff931df9 (webtiles) character file.

Game seed: 11985885812852359039

13094 DerDa the Frost Mage (level 12, 0/91 HPs)
             Began as a Merfolk Ice Elementalist on Oct 9, 2020.
             Was a Priest of Sif Muna.
             Slain by a two-headed ogre
             ... wielding a +0 giant club of flaming
              (1 damage)
             ... in a volcano.
             The game lasted 00:47:21 (14122 turns).

DerDa the Frost Mage (Merfolk Ice Elementalist)    Turns: 14122, Time: 00:47:23

Health: 0/91       AC: 11    Str:  9    XL:     12   Next: 2%
Magic:  7/25       EV: 14    Int: 23    God:    Sif Muna [***...]
Gold:   764        SH:  5    Dex: 14    Spells: 15/30 levels left

rFire    + . .     SeeInvis .   S - +1 whip (elec)
rCold    . . .     Gourm    .   i - +0 buckler
rNeg     . . .     Faith    .   V - +2 robe "Lacatuoc" {rF+ Regen+ Int+4}
rPois    +         Spirit   .   p - +0 helmet
rElec    .         Reflect  .   x - +2 cloak {MR+}
rCorr    .         Harm     .   P - +1 pair of gloves
MR       +....                  o - +0 pair of boots
Stlth    ++........             (no amulet)
HPRegen  0.65/turn              B - ring of poison resistance
MPRegen  0.19/turn              M - -4 ring of evasion (curse)

@: frozen ramparts
A: change form in water, swift swim, stealthy swim
a: Channel Magic, Forget Spell, Renounce Religion


You were in a volcano.
You worshipped Sif Muna.
Sif Muna was most pleased with you.
You were not hungry.

You visited 3 branches of the dungeon, and saw 13 of its levels.
You also visited: Sewer, Ossuary, Bailey and Volcano.

You collected 1240 gold pieces.
You spent 476 gold pieces at shops.

Inventory:

Hand Weapons
 m - a +1 whip of venom
 D - a +2 falchion of holy wrath
 S - a +1 whip of electrocution (weapon)
 U - a +1 spear
 W - a +2 vampiric trident
 X - a +1 short sword of flaming
Missiles
 n - 6 atropa-tipped darts
 N - 2 throwing nets (quivered)
Armour
 d - a +2 robe of positive energy
 i - a +0 buckler (worn)
 o - a +0 pair of boots (worn)
 p - a +0 helmet (worn)
 s - a +0 robe of magic resistance
 x - a +2 cloak of magic resistance (worn)
 P - a +1 pair of gloves (worn)
 V - the +2 robe "Lacatuoc" (worn) {rF+ Regen+ Int+4}
   (You found it on level 11 of the Dungeon)

   It affects your intelligence (+4).
   It protects you from fire.
   It increases your rate of regeneration.
Jewellery
 B - a ring of poison resistance (left hand)
 K - a +4 ring of evasion
 M - a cursed -4 ring of evasion (right hand)
Wands
 f - a wand of clouds (4)
 w - a wand of digging (14)
 y - a wand of enslavement (11)
 E - a wand of polymorph (4)
 L - a wand of acid (10)
 R - a wand of flame (18)
Scrolls
 a - 3 scrolls of amnesia
 j - 3 scrolls of magic mapping
 l - 12 scrolls of remove curse
 q - 2 scrolls of enchant weapon
 r - 3 scrolls of fear
 t - 3 scrolls of blinking
 u - 5 scrolls of fog
 z - 5 scrolls of teleportation
 C - 5 scrolls of torment
 J - 3 scrolls of enchant armour
 Y - 2 scrolls of silence
 Z - a scroll of identify
Potions
 b - 8 potions of curing
 e - 6 potions of heal wounds
 g - 2 potions of brilliance {unknown}
 h - a potion of mutation {unknown}
 k - a potion of invisibility {unknown}
 v - 3 potions of lignification
 A - 2 potions of cancellation {unknown}
 G - a potion of flight {unknown}
 H - 2 potions of resistance {unknown}
 I - a potion of berserk rage {unknown}
 O - a potion of haste
 T - a potion of ambrosia {unknown}
Miscellaneous
 F - a lightning rod (4/4)
Comestibles
 c - 20 rations
 Q - 8 chunks of flesh


   Skills:
 + Level 7.3 Fighting
 + Level 9.3 Dodging
 - Level 2.1 Stealth
 - Level 4.0 Shields
 * Level 9.6 Spellcasting
 * Level 3.8 Conjurations
 * Level 11.7 Ice Magic
 + Level 3.3 Invocations
 + Level 3.1 Evocations


You had 15 spell levels left.
You knew the following spells:

 Your Spells              Type           Power        Failure   Level  Hunger
a - Freeze                Ice            ####         1%          1    None
b - Frozen Ramparts       Ice            ######       1%          3    None
c - Ozocubu's Armour      Chrm/Ice       #####...     1%          3    None
d - Hailstorm             Conj/Ice       #####...     2%          4    ##.....
e - Summon Ice Beast      Ice/Summ       #####...     5%          4    ##.....

Your spell library contained the following spells:

 Spells                   Type           Power        Failure   Level  Hunger
 Magic Dart               Conj           ####         1%          1    None
 Metabolic Englaciation   Hex/Ice        #####.....   14%         5    ####...
 Confusing Touch          Hex            ##......     19%         3    None
 Gell's Gravitas          Tloc           ##........   19%         3    None
 Petrify                  Tmut/Erth      ##......     52%         4    ##.....
 Yara's Violent Unravell  Hex/Tmut       ##........   86%         5    ####...


Dungeon Overview and Level Annotations

Branches:
Dungeon (11/15)            Temple (1/1) D:6            Lair (1/6) D:11
  Sewer (visited)         Ossuary (visited)          Bailey (visited)
Volcano (1/1)
    Orc: D:9-12

Altars:
Ashenzari
Cheibriados
Dithmenos
Elyvilon
Fedhas
Gozag
Hepliaklqana
Kikubaaqudgha
Makhleb
Nemelex Xobeh
Okawaru
Qazlal
Ru
Sif Muna
Trog
Uskayaw
Vehumet
Wu Jian
Xom
Yredelemnul
Zin
The Shining One

Shops:
D:4 =   D:8 !   D:10 =}(   D:11 (

Annotations:
D:8 3 runed translucent doors, toph's ghost, journeyman GrEE
D:9 exclusion: oklob plant


Message History

Unknown command.
A two-headed ogre comes into view.
It is wielding two +0 giant clubs of flaming.
The two-headed ogre shouts in stereo!
The wall freezes the two-headed ogre.
The wall freezes the two-headed ogre!
Quiver which item? (- for none, * to show all) (? for menu, Esc to quit)
Okay, then.
The wall freezes the two-headed ogre!
Casting: Hailstorm (dangerous; 2% risk of failure)
Confirm with . or Enter, or press ? or * to list all spells.
A chill wind blows around you.
The wall freezes the two-headed ogre!
The two-headed ogre misses you.
The two-headed ogre hits you with a +2 great mace of flaming!
Casting: Summon Ice Beast (dangerous; 5% risk of failure)
Confirm with . or Enter, or press ? or * to list all spells.
A chill wind blows around you.
The wall freezes the two-headed ogre.
The two-headed ogre hits you with a +0 giant club of flaming!!
* * * LOW HITPOINT WARNING * * *
The two-headed ogre burns you.
You die...

#.)≈..#...#≈§
#8≈≈≈8#...#
+..≈..'..#
+.....'..# ≈ §#
#8..O8#.##≈§
≈≈###.....###≈≈≈
≈≈≈§≈..Y..≈≈≈§§#
≈≈≈§≈8.YO8≈≈≈≈#
°≈≈§§...@.§≈###
##≈§§§....≈§#
#§≈§8...8§##
####.....##
#.....# #8...8#
#.....# #.....#
#8...8#


You could see 2 two-headed ogres and 2 friendly ice beasts.

Vanquished Creatures
  Erolcha (D:11)
  Harold (D:8)
  2 two-headed ogres
  An ogre mage (Volcano)
  Psyche (D:8)
  A troll (D:9)
  2 blink frogs (Lair:1)
  2 hippogriffs
  2 wraiths
  A wyvern (D:9)
  Grum (D:10)
  A water moccasin (D:11)
  Purgy (D:3)
  A porcupine (D:11)
  8 orc warriors
  A sky beast (D:7)
  3 ice beasts
  6 ogres
  2 black bears
  2 wolves (D:10)
  12 centaurs
  A crocodile (Lair:1)
  An elf zombie (Ossuary)
  A big kobold (D:10)
  A wyvern zombie (D:7)
  6 bullfrogs
  3 jellies
  2 scorpions
  23 killer bees
  2 wights (D:10)
  7 howler monkeys
  A centaur zombie (Ossuary)
  4 crimson imps
  A bullfrog zombie (D:8)
  Crazy Yiuf (D:3)
  A gnoll shaman (D:10)
  6 hounds
  15 orc wizards
  2 centaur skeletons
  A human zombie (Ossuary)
  5 orc priests
  Jessica (D:2)
  3 iguanas
  8 worker ants
  3 big kobold zombies (Ossuary)
  A hound zombie (D:5)
  A hound skeleton (D:4)
  2 mummies (Ossuary)
  2 worker ant zombies
  12 adders
  7 gnolls
  3 howler monkey skeletons
  A shadow imp (D:10)
  An adder zombie (D:6)
  13 oozes
  2 adder skeletons
  3 worms
  2 dart slugs (D:1)
  13 leopard geckos
  37 orcs
  13 ball pythons
  8 bats
  17 giant cockroaches
  2 gnoll zombies (Ossuary)
  9 goblins
  6 hobgoblins
  17 jackals
  7 quokkas
  19 frilled lizards
  2 goblin zombies (Ossuary)
  2 hobgoblin zombies (Ossuary)
  A jackal skeleton (D:5)
  15 kobolds
  2 leopard gecko skeletons
  2 orc zombies (Ossuary)
  5 rats
  2 fungi (D:11)
  A plant (D:11)
381 creatures vanquished.

Vanquished Creatures (collateral kills)
  An ugly thing (D:11)
  A cyclops (D:11)
  A blink frog (Lair:1)
  A basilisk (Lair:1)
  A hungry ghost (D:11)
  A phantom (D:11)
  A scorpion (D:11)
  A wight (D:10)
  3 jackals (D:10)
11 creatures vanquished.

Vanquished Creatures (others)
  3 plants
3 creatures vanquished.

Grand Total: 395 creatures vanquished

Notes
Turn   | Place    | Note
-------+----------+-------------------------------------------
     0 | D:1      | DerDa the Merfolk Ice Elementalist began the quest for the
                  | Orb.
     0 | D:1      | Reached XP level 1. HP: 13/13 MP: 3/3
   172 | D:1      | Reached XP level 2. HP: 19/19 MP: 0/5
   392 | D:1      | Reached XP level 3. HP: 23/24 MP: 2/6
   403 | D:1      | Learned a level 3 spell: Frozen Ramparts
   407 | D:1      | Learned a level 3 spell: Ozocubu's Armour
   536 | D:1      | Reached skill level 5 in Ice Magic
  1486 | D:2      | Reached XP level 4. HP: 28/30 MP: 3/8
  1588 | D:2      | Noticed Jessica
  1593 | D:2      | Killed Jessica
  2367 | D:3      | Found a sparkling altar of Nemelex Xobeh.
  2368 | D:3      | Found a hide-covered altar of Uskayaw.
  2370 | D:3      | Found a shimmering altar of Xom.
  2372 | D:3      | Found a shadowy altar of Dithmenos.
  2374 | D:3      | Reached XP level 5. HP: 35/35 MP: 7/10
  2398 | D:3      | Found a bloodstained altar of Trog.
  2399 | D:3      | Found an opulent altar of Gozag.
  2399 | D:3      | Found a hazy altar of Hepliaklqana.
  2412 | D:3      | Noticed Purgy
  2427 | D:3      | Killed Purgy
  2427 | D:3      | Reached skill level 1 in Fighting
  2452 | D:3      | Reached skill level 6 in Ice Magic
  2578 | D:3      | Found a glowing drain.
  2582 | Sewer    | Entered a sewer
  2586 | Sewer    | Reached XP level 6. HP: 43/43 MP: 11/11
  2597 | Sewer    | Reached skill level 1 in Shields
  3216 | Sewer    | Reached XP level 7. HP: 47/50 MP: 9/13
  3674 | D:3      | Found a runed translucent door.
  3675 | D:3      | Noticed Crazy Yiuf
  3713 | D:3      | Killed Crazy Yiuf
  3957 | D:4      | Found Eduyff's Jewellery Boutique.
  4090 | D:4      | Bought a cursed amulet of inaccuracy for 26 gold pieces
  4152 | D:4      | Noticed a two-headed ogre
  4184 | D:4      | Learned a level 4 spell: Hailstorm
  4238 | D:4      | Reached skill level 7 in Ice Magic
  4446 | D:4      | Reached skill level 5 in Spellcasting
  4446 | D:4      | Reached XP level 8. HP: 56/57 MP: 15/15
  4551 | D:4      | Killed a two-headed ogre
  4551 | D:4      | Reached skill level 5 in Dodging
  4654 | D:4      | Reached skill level 8 in Ice Magic
  5090 | D:5      | Entered Level 5 of the Dungeon
  5254 | D:5      | Reached XP level 9. HP: 63/65 MP: 18/18
  6237 | D:6      | Found a staircase to the Ecumenical Temple.
  6253 | Temple   | Entered the Ecumenical Temple
  6795 | D:6      | Found a sacrificial altar of Ru.
  7074 | D:7      | Reached skill level 9 in Ice Magic
  7123 | D:7      | Found a sand-covered staircase.
  7132 | Ossuary  | Entered an ossuary
  7554 | Ossuary  | Learned a level 4 spell: Summon Ice Beast
  7842 | D:7      | Reached skill level 5 in Fighting
  8314 | D:7      | Found a sacrificial altar of Ru.
  8348 | D:7      | Reached XP level 10. HP: 74/74 MP: 9/21
  8881 | D:7      | Reached skill level 10 in Ice Magic
  8942 | D:7      | Found an ancient bone altar of Kikubaaqudgha.
  8957 | D:7      | Found a radiant altar of Vehumet.
  8963 | D:7      | Identified Vehumet's Guide on Confrontation
  8979 | D:7      | Found a shimmering blue altar of Sif Muna.
  8987 | D:7      | Became a worshipper of Sif Muna the Loreminder
  9228 | D:8      | Noticed Psyche
  9234 | D:8      | Killed Psyche
  9253 | D:8      | Noticed Harold
  9272 | D:8      | Killed Harold
  9298 | D:8      | Found a runed translucent gate.
  9299 | D:8      | Found a runed translucent gate.
  9299 | D:8      | Noticed toph's ghost (journeyman GrEE)
  9300 | D:8      | Found a runed translucent gate.
  9300 | D:8      | Identified the +3 whip "Trog's Wrath" {drain, rF++ rC+ MR+
                  | Dex-4}
  9400 | D:8      | Found Aci Finoteu's Distillery.
  9462 | D:8      | Bought a potion of degeneration for 15 gold pieces
  9462 | D:8      | Bought a potion of lignification for 45 gold pieces
  9462 | D:8      | Bought 2 potions of curing for 90 gold pieces
  9462 | D:8      | Bought 2 potions of heal wounds for 150 gold pieces
  9462 | D:8      | Bought a potion of haste for 150 gold pieces
  9853 | D:8      | Got a bronze leather armour
  9863 | D:8      | Identified the +3 leather armour of Snakes and Ladders
                  | {Str+3 Dex+3} (You found it on level 8 of the Dungeon)
 10561 | D:9      | Reached skill level 1 in Conjurations
 10668 | D:9      | Noticed an oklob plant
 10773 | D:9      | Reached skill level 1 in Invocations
 10773 | D:9      | Reached skill level 1 in Evocations
 10774 | D:9      | Reached * piety under Sif Muna
 10995 | D:9      | Reached XP level 11. HP: 83/83 MP: 20/23
 11239 | D:10     | Entered Level 10 of the Dungeon
 11269 | D:10     | Reached skill level 11 in Ice Magic
 11298 | D:10     | Found Catyrryo's Antique Weapon Shoppe.
 11304 | D:10     | Found Niodonge's Gadget Boutique.
 11313 | D:10     | Found a flagged portal.
 11324 | Bailey   | Entered a bailey
 11550 | Bailey   | Reached ** piety under Sif Muna
 11617 | Bailey   | Found a bloodstained altar of Trog.
 11855 | D:10     | Noticed Grum
 11862 | D:10     | Killed Grum
 12003 | D:10     | Found Lurus's Jewellery Shoppe.
 12299 | D:10     | Noticed a two-headed ogre
 12314 | D:10     | Killed a two-headed ogre
 12674 | D:11     | Noticed a cyclops
 12689 | D:11     | Killed a cyclops
 13369 | D:11     | Found Rangah's Antique Weapon Emporium.
 13457 | D:11     | Noticed a green ugly thing
 13463 | D:11     | Noticed Erolcha
 13464 | D:11     | Killed a green ugly thing
 13472 | D:11     | Killed Erolcha
 13486 | D:11     | Got a sheer robe
 13496 | D:11     | Identified the +2 robe "Lacatuoc" {rF+ Regen+ Int+4} (You
                  | found it on level 11 of the Dungeon)
 13600 | D:11     | Paralysed by fainting for 9 turns
 13705 | D:11     | Reached *** piety under Sif Muna
 13894 | D:11     | Found a staircase to the Lair.
 13910 | Lair:1   | Entered Level 1 of the Lair of Beasts
 14013 | Lair:1   | Found a dark tunnel.
 14020 | Volcano  | Entered a volcano
 14036 | Volcano  | Noticed an ogre mage
 14039 | Volcano  | Found a radiant altar of Vehumet.
 14042 | Volcano  | Killed an ogre mage
 14042 | Volcano  | Reached XP level 12. HP: 91/91 MP: 7/25
 14113 | Volcano  | Noticed a two-headed ogre
 14117 | Volcano  | Noticed a two-headed ogre
 14122 | Volcano  | HP: 1/91 [two-headed ogre/+0 giant club of flaming (28)]
 14122 | Volcano  | Slain by a two-headed ogre

Illustrated notes

Levels and vault maps discovered:
D:1:      mushboom_english_gardens, layout_loops_ring
D:2:      layout_basic, uniq_jessica
D:3:      layout_basic, grunt_temple_overflow_open, gup_sewer_entry_bowl,
          uniq_purgy, uniq_crazy_yiuf_cottage
D:4:      minmay_angry_zag, layout_basic, first_ration, serial_shops,
          nicolae_shop_waterfront, minmay_misc_feat_roman
D:5:      layout_basic
D:6:      layout_basic, minmay_temple_entry_glass,
          nicolae_ru_great_annihilating_truth
D:7:      layout_gridville, palyth_temple_overflow_mages, lemuel_doored_altar,
          enter_ossuary_1
D:8:      layout_loops_corners, serial_shops, shop,
          gammafunk_ghost_nasty_kobolds, uniq_harold, uniq_psyche
D:9:      layout_roguey, lemuel_oklob_altar
D:10:     layout_big_octagon, serial_shops, shop,
          nicolae_shop_temple_entry_statues_fountains, shop, enter_bailey_2,
          blue_anna_alchemist [blue_anna_fruit_fields, blue_anna_fruit_fields],
          uniq_grum
D:11:     layout_cave_pods, grunt_lair_entry_orc_guard_hut, serial_shops,
          kennysheep_mini, uniq_erolcha
Temple:   jpeg_temple_clearing
Lair:1:   layout_loops_ring, enter_volcano_2, kennysheep_abandoned_house
Volcano:  kennysheep_volcano_temple

Skill      XL: |  1  2  3  4  5  6  7  8  9 10 11 |
---------------+----------------------------------+-----
Ice Magic      | 5 6 7 8 9 10 11 | 11.7
Spellcasting   | 3 4 5 6 7 8 9 |  9.6
Fighting       | 1 2 3 5 6 7 |  7.3
Dodging        | 3 4 5 7 8 9 |  9.3
Shields        | 1 2 3 4 |  4.0
Conjurations   | 1 3 |  3.8
Invocations    | 1 3 |  3.3
Evocations     | 1 3 |  3.1
Stealth        | |  2.1

Action                   |  1- 3 |  4- 6 |  7- 9 | 10-12 || total
-------------------------+-------+-------+-------+-------++-------
Melee: Unarmed           |     2 |       |       |       ||     2
       Club              |    12 |       |       |       ||    12
       Whip              |     4 |   121 |   427 |   319 ||   871
       Tailslap          |       |    10 |       |     1 ||    11
       Falchion          |       |       |       |    15 ||    15
Throw: Throwing net      |       |       |       |     2 ||     2
 Cast: Freeze            |    58 |    38 |    40 |    12 ||   148
       Frozen Ramparts   |       |     9 |    37 |    39 ||    85
       Hailstorm         |       |       |     2 |    32 ||    34
       Ozocubu's Armour  |       |       |     1 |     5 ||     6
       Summon Ice Beast  |       |       |       |    19 ||    19
Invok: Channel Magic     |       |       |       |     1 ||     1
  Use: Scroll            |       |     3 |     5 |    10 ||    18
 Stab: Sleeping          |     1 |     1 |     5 |     3 ||    10
       Distracted        |       |       |       |     2 ||     2
  Eat: Chunk             |     2 |     6 |    18 |    20 ||    46
       Ration            |       |       |       |     2 ||     2
Armor: Robe              |    10 |    39 |   112 |    24 ||   185
       Leather armour    |       |       |       |    54 ||    54
Dodge: Dodged            |    52 |   159 |   362 |   340 ||   913
Block: Buckler           |       |       |    66 |    95 ||   161
       Rpst.: Falchion   |       |       |       |     1 ||     1
